3267 views
Uploaded 2020-05-01 14:02:08
Game version 1.32.4 / 1.32.5
19:54 long 2on2 ladder game on (4)CentaurGrove
Saved by SpaceCptNav
3267 views
Uploaded 2020-05-01 14:02:08
Game version 1.32.4 / 1.32.5
19:54 long 2on2 ladder game on (4)CentaurGrove


67 units @ 10k
/ 1.9k
27 buildings @ 4.8k
/ 1.9k



| Rod of Necromancy | 4 | 600 |
| Sacrificial Skull | 3 | 150 |
| Orb of Corruption | 1 | 375 |
| Potion of Healing | 2 | 300 |
| Potion of Mana | 1 | 200 |
| Scroll of Healing | 1 | 250 |
| total: | 12 | 1875g |
| Acolyte | 3 | 225 | / | 0 |
| Ghoul | 7 | 840 | / | 0 |
| Crypt Fiend | 10 | 2150 | / | 400 |
| Obsidian Statue | 4 | 800 | / | 140 |
| total: | 24 | 4015g | / | 540w |
| Nerubian Tower | 2 | 200 | / | 40 |
| Crypt | 1 | 200 | / | 50 |
| Graveyard | 1 | 215 | / | 0 |
| Ziggurat | 7 | 1050 | / | 350 |
| Altar of Darkness | 1 | 180 | / | 50 |
| Tomb of Relics | 1 | 130 | / | 30 |
| Slaughterhouse | 1 | 140 | / | 135 |
| Halls of the Dead | 1 | 320 | / | 210 |
| Black Citadel | 1 | 325 | / | 230 |
| total: | 12 | 1915g | / | 615w |
| 0:06 | Acolyte |
| 0:06 | Acolyte |
| 0:09 | Crypt |
| 0:12 | Graveyard |
| 0:22 | Acolyte |
| 0:44 | Ziggurat |
| 1:06 | Altar of Darkness |
| 1:13 | Ghoul |
| 1:39 | Ghoul |
| 1:40 | Crypt Fiend |
| 1:52 | Tomb of Relics |
| 1:58 | Nerubian Tower |
| 2:20 | Crypt Fiend |
| 2:20 | Crypt Fiend |
| 2:36 | Ziggurat |
| 2:38 | Ziggurat |
| 3:12 | Rod of Necromancy |
| 3:14 | Death Coil |
| 3:25 | Halls of the Dead |
| 3:35 | Sacrificial Skull |
| 3:48 | Crypt Fiend |
| 4:09 | Crypt Fiend |
| 4:18 | Unholy Aura |
| 4:32 | Crypt Fiend |
| 4:56 | Crypt Fiend |
| 5:20 | Rod of Necromancy |
| 5:21 | Sacrificial Skull |
| 5:31 | Ziggurat |
| 5:47 | Ghoul |
| 5:54 | Death Coil |
| 6:05 | Ghoul |
| 6:05 | Ghoul |
| 6:18 | Black Citadel |
| 6:38 | Ghoul |
| 6:39 | Ghoul |
| 7:09 | Unholy Aura |
| 7:18 | Ziggurat |
| 7:24 | Sacrificial Skull |
| 7:42 | Burrow |
| 7:47 | Creature Carapace |
| 8:05 | Slaughterhouse |
| 8:12 | Rod of Necromancy |
| 8:33 | Frost Nova |
| 8:51 | Orb of Corruption |
| 8:56 | Creature Attack |
| 8:57 | Improved Creature Attack |
| 9:35 | Black Arrow |
| 10:01 | Obsidian Statue |
| 10:04 | Destroyer Form |
| 10:16 | Advanced Creature Attack |
| 10:41 | Improved Creature Carapace |
| 11:45 | Frost Armor |
| 12:10 | Silence |
| 12:48 | Advanced Creature Carapace |
| 14:38 | Obsidian Statue |
| 14:38 | Crypt Fiend |
| 15:04 | Death Coil |
| 15:18 | Ziggurat |
| 15:20 | Potion of Healing |
| 15:21 | Potion of Mana |
| 15:22 | Scroll of Healing |
| 15:24 | Potion of Healing |
| 15:25 | Rod of Necromancy |
| 16:29 | Frost Nova |
| 17:00 | Obsidian Statue |
| 17:01 | Crypt Fiend |
| 17:08 | Black Arrow |
| 17:30 | Crypt Fiend |
| 17:32 | Obsidian Statue |
| 19:07 | Unholy Aura |
| 19:08 | Frost Armor |
| 19:09 | Silence |
| 19:45 | Ziggurat |
| Select group | 3061 |
| Right click | 1875 |
| Assign group | 564 |
| Select | 539 |
| Chat | 307 |
| Build/train/purchase | 140 |
| Misc. action | 119 |
| Use ability | 52 |
| Minimap ping | 15 |
| Resource trade | 5 |
| Esc | 4 |
| Item give/drop | 3 |


| Boots of Speed | 1 | 250 |
| Staff of Teleportation | 1 | 150 |
| total: | 2 | 400g |
| Wisp | 23 | 1380 | / | 0 |
| Huntress | 4 | 780 | / | 80 |
| Dryad | 7 | 1015 | / | 420 |
| Mountain Giant | 5 | 1750 | / | 500 |
| Druid of the Claw | 4 | 1020 | / | 320 |
| total: | 43 | 5945g | / | 1320w |
| Altar of Elders | 1 | 180 | / | 50 |
| Moon Well | 6 | 1080 | / | 240 |
| Hunter's Hall | 2 | 420 | / | 200 |
| Ancient of War | 1 | 150 | / | 60 |
| Ancient of Wonders | 1 | 90 | / | 30 |
| Tree of Life | 2 | 680 | / | 370 |
| Ancient of Lore | 2 | 310 | / | 290 |
| Tree of Ages | 2 | 640 | / | 360 |
| Tree of Eternity | 2 | 660 | / | 400 |
| total: | 15 | 2910g | / | 1240w |
| 0:02 | Altar of Elders |
| 0:03 | Wisp |
| 0:03 | Wisp |
| 0:18 | Moon Well |
| 0:20 | Wisp |
| 0:28 | Wisp |
| 0:28 | Wisp |
| 0:39 | Wisp |
| 1:00 | Wisp |
| 1:19 | Wisp |
| 1:23 | Wisp |
| 1:38 | Wisp |
| 1:57 | Hunter's Hall |
| 1:58 | Ancient of War |
| 2:00 | Hunter's Hall |
| 2:05 | Moon Well |
| 2:18 | Frost Arrows |
| 2:41 | Moon Well |
| 3:03 | Huntress |
| 3:17 | Tree of Ages |
| 3:49 | Huntress |
| 4:00 | Huntress |
| 4:47 | Boots of Speed |
| 4:47 | Staff of Teleportation |
| 5:00 | Mana Shield |
| 5:40 | Acid Bomb |
| 5:41 | Wisp |
| 5:42 | Ancient of Lore |
| 5:59 | Ancient of Lore |
| 6:14 | Huntress |
| 7:01 | Dryad |
| 7:12 | Moon Well |
| 7:17 | Dryad |
| 7:24 | Ancient of Wonders |
| 7:46 | Abolish Magic |
| 8:01 | Tree of Life |
| 8:28 | Mountain Giant |
| 8:57 | Mountain Giant |
| 8:57 | Mountain Giant |
| 8:59 | Healing Spray |
| 9:14 | Mana Shield |
| 9:34 | Dryad |
| 9:59 | Wisp |
| 9:59 | Wisp |
| 10:18 | Dryad |
| 10:20 | Wisp |
| 10:58 | Wisp |
| 10:58 | Wisp |
| 10:59 | Wisp |
| 10:59 | Wisp |
| 10:59 | Wisp |
| 11:00 | Wisp |
| 11:02 | Tree of Eternity |
| 11:52 | Dryad |
| 12:06 | Wisp |
| 12:06 | Wisp |
| 12:29 | Dryad |
| 12:31 | Moon Well |
| 12:34 | Moon Well |
| 12:51 | Strength of the Wild |
| 12:54 | Healing Spray |
| 13:25 | Druid of the Claw Adept Training |
| 13:27 | Hardened Skin |
| 14:05 | Mountain Giant |
| 14:29 | Mountain Giant |
| 14:30 | Wisp |
| 14:42 | Frost Arrows |
| 15:10 | Druid of the Claw Master Training |
| 15:57 | Druid of the Claw |
| 16:28 | Druid of the Claw |
| 16:59 | Druid of the Claw |
| 17:28 | Druid of the Claw |
| 17:43 | Mana Shield |
| 18:13 | Acid Bomb |
| 18:19 | Reinforced Hides |
| 18:40 | Tree of Life |
| 19:21 | Dryad |
| Select group | 1638 |
| Right click | 1593 |
| Select | 595 |
| Chat | 242 |
| Build/train/purchase | 147 |
| Use ability | 97 |
| Misc. action | 68 |
| Assign group | 37 |
| Esc | 5 |
| Item give/drop | 4 |
| Resource trade | 4 |
| Minimap ping | 1 |
79 units @ 10.7k
/ 1.3k
38 buildings @ 5.3k
/ 2.2k
Flavaflave
(2)
(19:05) : 

| Peasant | 24 | 1800 | / | 0 |
| Footman | 10 | 1350 | / | 0 |
| Knight | 11 | 2695 | / | 660 |
| Razormane Medicine Man | 1 | 350 | / | 60 |
| total: | 46 | 6195g | / | 720w |
| Scout Tower | 3 | 90 | / | 60 |
| Arcane Tower | 3 | 210 | / | 150 |
| Altar of Kings | 1 | 180 | / | 50 |
| Farm | 9 | 720 | / | 180 |
| Barracks | 2 | 320 | / | 120 |
| Town Hall | 2 | 770 | / | 410 |
| Blacksmith | 1 | 140 | / | 60 |
| Lumber Mill | 1 | 120 | / | 0 |
| Keep | 2 | 640 | / | 420 |
| Castle | 1 | 360 | / | 210 |
| total: | 19 | 2340g | / | 880w |
| 0:03 | Altar of Kings |
| 0:04 | Peasant |
| 0:11 | Peasant |
| 0:20 | Farm |
| 0:21 | Peasant |
| 0:29 | Barracks |
| 0:31 | Peasant |
| 0:50 | Farm |
| 0:58 | Peasant |
| 1:12 | Peasant |
| 1:19 | Peasant |
| 1:30 | Farm |
| 1:32 | Footman |
| 1:39 | Scout Tower |
| 1:44 | Peasant |
| 1:55 | Footman |
| 1:55 | Footman |
| 2:05 | Arcane Tower |
| 2:08 | Summon Water Elemental |
| 2:13 | Peasant |
| 2:22 | Footman |
| 2:41 | Footman |
| 2:52 | Peasant |
| 2:56 | Farm |
| 3:21 | Footman |
| 3:28 | Brilliance Aura |
| 3:52 | Town Hall |
| 4:01 | Peasant |
| 4:02 | Peasant |
| 4:05 | Footman |
| 4:13 | Peasant |
| 4:44 | Footman |
| 4:53 | Brilliance Aura |
| 5:12 | Footman |
| 5:15 | Keep |
| 5:56 | Scout Tower |
| 5:57 | Scout Tower |
| 6:02 | Footman |
| 6:05 | Blacksmith |
| 6:37 | Lumber Mill |
| 6:41 | Peasant |
| 6:41 | Peasant |
| 6:42 | Arcane Tower |
| 7:09 | Peasant |
| 7:09 | Peasant |
| 7:09 | Peasant |
| 7:28 | Peasant |
| 7:45 | Castle |
| 8:16 | Barracks |
| 8:42 | Iron Plating |
| 8:49 | Arcane Tower |
| 8:50 | Peasant |
| 9:20 | Iron Forged Swords |
| 10:06 | Knight |
| 10:06 | Knight |
| 10:09 | Peasant |
| 10:09 | Peasant |
| 10:10 | Peasant |
| 10:10 | Peasant |
| 10:12 | Farm |
| 10:14 | Farm |
| 10:15 | Farm |
| 10:15 | Farm |
| 10:16 | Farm |
| 10:25 | Summon Water Elemental |
| 10:45 | Steel Forged Swords |
| 10:46 | Steel Plating |
| 10:49 | Knight |
| 11:12 | Sundering Blades |
| 11:47 | Animal War Training |
| 12:20 | Knight |
| 12:22 | Knight |
| 12:23 | Knight |
| 12:49 | Razormane Medicine Man |
| 13:01 | Holy Light |
| 14:08 | Knight |
| 14:35 | Knight |
| 14:45 | Summon Water Elemental |
| 15:06 | Knight |
| 17:09 | Town Hall |
| 17:13 | Knight |
| 17:13 | Knight |
| Right click | 893 |
| Select | 567 |
| Chat | 179 |
| Build/train/purchase | 141 |
| Misc. action | 122 |
| Resource trade | 24 |
| Select group | 10 |
| Use ability | 7 |
| Minimap ping | 6 |
| Assign group | 3 |
| Item give/drop | 3 |
| Remove unit | 1 |


| Healing Salve | 2 | 200 |
| Lesser Clarity Potion | 2 | 140 |
| Scroll of Speed | 1 | 50 |
| Orb of Lightning | 1 | 375 |
| Potion of Healing | 2 | 300 |
| Scroll of Town Portal | 1 | 350 |
| Potion of Lesser Invulnerability | 2 | 300 |
| Circlet of Nobility | 1 | 175 |
| Periapt of Vitality | 1 | 325 |
| total: | 13 | 2215g |
| Peon | 9 | 675 | / | 0 |
| Grunt | 2 | 400 | / | 0 |
| Troll Headhunter | 9 | 1260 | / | 180 |
| Spirit Walker | 3 | 585 | / | 105 |
| Troll Berserker | 9 | 1260 | / | 180 |
| Tauren | 1 | 280 | / | 80 |
| total: | 33 | 4460g | / | 545w |
| Watch Tower | 6 | 660 | / | 480 |
| Altar of Storms | 1 | 180 | / | 50 |
| Orc Burrow | 5 | 800 | / | 200 |
| Barracks | 2 | 360 | / | 100 |
| War Mill | 1 | 205 | / | 0 |
| Voodoo Lounge | 1 | 130 | / | 30 |
| Great Hall | 1 | 385 | / | 185 |
| Tauren Totem | 2 | 270 | / | 310 |
| Stronghold | 1 | 315 | / | 190 |
| Fortress | 1 | 325 | / | 190 |
| total: | 19 | 2990g | / | 1355w |
| 0:05 | Altar of Storms |
| 0:05 | Peon |
| 0:22 | Orc Burrow |
| 0:22 | Peon |
| 0:39 | Barracks |
| 0:41 | Peon |
| 0:52 | Peon |
| 1:03 | Peon |
| 1:19 | Peon |
| 1:40 | Grunt |
| 2:09 | Feral Spirit |
| 2:15 | Stronghold |
| 2:33 | Orc Burrow |
| 2:41 | War Mill |
| 2:57 | Orc Burrow |
| 3:26 | Voodoo Lounge |
| 3:53 | Troll Headhunter |
| 4:04 | Troll Headhunter |
| 4:21 | Chain Lighting |
| 4:50 | Tauren Totem |
| 5:03 | Troll Headhunter |
| 5:07 | Watch Tower |
| 5:34 | Troll Headhunter |
| 5:43 | Peon |
| 5:47 | War Stomp |
| 5:51 | Healing Salve |
| 5:52 | Lesser Clarity Potion |
| 5:52 | Scroll of Speed |
| 5:58 | Troll Headhunter |
| 6:31 | Fortress |
| 6:59 | Troll Headhunter |
| 7:00 | Spirit Walker |
| 7:10 | Feral Spirit |
| 7:16 | Orc Burrow |
| 7:24 | Spirit Walker |
| 7:51 | Potion of Lesser Invulnerability |
| 7:51 | Circlet of Nobility |
| 8:10 | Spirit Walker Adept Training |
| 8:12 | Troll Headhunter |
| 8:40 | Endurance Aura |
| 8:50 | Barracks |
| 8:53 | Orc Burrow |
| 8:55 | Troll Regeneration |
| 9:14 | Steel Ranged Weapons |
| 9:16 | Peon |
| 9:35 | Peon |
| 9:52 | Grunt |
| 9:55 | Troll Headhunter |
| 9:56 | Berserker Upgrade |
| 10:07 | Potion of Lesser Invulnerability |
| 10:10 | Periapt of Vitality |
| 10:16 | Troll Headhunter |
| 10:20 | Steel Armor |
| 10:30 | Orb of Lightning |
| 10:30 | Scroll of Town Portal |
| 10:40 | Troll Berserker |
| 10:57 | Spirit Walker |
| 11:33 | Troll Berserker |
| 11:48 | Lesser Clarity Potion |
| 11:54 | Healing Salve |
| 11:54 | Potion of Healing |
| 11:57 | Troll Berserker |
| 12:23 | Thorium Ranged Weapons |
| 12:25 | Troll Berserker |
| 12:57 | War Stomp |
| 13:04 | Tauren |
| 13:18 | Reinforced Defenses |
| 14:00 | Potion of Healing |
| 14:19 | Troll Berserker |
| 14:58 | Great Hall |
| 15:01 | Watch Tower |
| 15:02 | Watch Tower |
| 15:02 | Watch Tower |
| 15:25 | Endurance Aura |
| 15:26 | Chain Lighting |
| 15:33 | Tauren Totem |
| 16:17 | Troll Berserker |
| 16:50 | Troll Berserker |
| 16:54 | Watch Tower |
| 16:55 | Watch Tower |
| 17:13 | Troll Berserker |
| 18:26 | Troll Berserker |
| Right click | 1114 |
| Select | 464 |
| Select group | 272 |
| Misc. action | 138 |
| Build/train/purchase | 112 |
| Assign group | 65 |
| Use ability | 32 |
| Minimap ping | 18 |
| Resource trade | 14 |
| Chat | 12 |
| Item give/drop | 6 |
⇛